 Dungeon Crawl Stone Soup version 0.29-a0-1006-g0dd7720b37 (webtiles) character file.

Game seed: 127296877204260138

29067 ytrimaz the Brawler (level 13, -22/137 HPs)
             Began as a Troll Berserker on Aug 6, 2022.
             Was a High Priest of Trog.
             Annihilated by a white ugly thing (27 damage)
             ... on level 14 of the Dungeon.
             The game lasted 00:21:24 (12020 turns).

ytrimaz the Brawler (Troll Berserker)              Turns: 12020, Time: 00:21:24

Health: -22/137    AC: 14    Str: 32    XL:     13   Next: 13%
Magic:  12/12      EV:  9    Int:  8    God:    Trog [*****.]
Gold:   757        SH:  0    Dex:  9    Spells: 12/12 levels left

rFire   . . .      SeeInvis .     - Unarmed
rCold   . . .      Faith    .   (no shield)
rNeg    . . .      Spirit   .   C - +0 acid dragon scales
rPois   +          Reflect  .   I - +0 hat {Will+}
rElec   .          Harm     +   K - +1 cloak of Ibladgh {Harm Str+2 Int+3}
rCorr   +          Rampage  .   (gloves unavailable)
Will    +++..                   (boots unavailable)
Stlth   +.........              k - amulet of regeneration
HPRegen 2.92/turn               g - ring of poison resistance
MPRegen 0.13/turn               q - +4 ring of protection

@: strong-willed (expiring), regenerating (expiring)
A: large, unfitting armour, claws 3, regeneration 1, shaggy fur 1, tough skin 1,
mutation resistance 1
a: Renounce Religion, Berserk, Trog's Hand, Brothers in Arms


You were on level 14 of the Dungeon.
You worshipped Trog.
Trog was extremely pleased with you.
You visited 2 branches of the dungeon, and saw 15 of its levels.
You also visited: Gauntlet.

You collected 1147 gold pieces.
You spent 390 gold pieces at shops.

Inventory:

Missiles
 p - a throwing net (quivered)
Armour
 e - a scarf of invisibility
 C - +0 acid dragon scales (worn)
 I - a +0 hat of willpower (worn)
 K - the +1 cloak of Ibladgh (worn) {Harm Str+2 Int+3}
   (You found it in a Gauntlet)

   Str:       It affects your strength (+2).
   Int:       It affects your intelligence (+3).
   Harm:      It increases damage dealt and taken.
 Q - a +0 troll leather armour
Jewellery
 g - a ring of poison resistance (left claw)
 k - an amulet of regeneration (around neck)
 q - a +4 ring of protection (right claw)
 v - a +6 ring of intelligence
 w - a +4 ring of evasion
Wands
 m - a wand of paralysis (17)
 B - a wand of roots (31)
 F - a wand of flame (25)
 H - a wand of acid (1)
 N - a wand of polymorph (5)
Scrolls
 c - 8 scrolls of teleportation
 f - 2 scrolls of vulnerability
 h - a scroll of summoning
 o - 2 scrolls of noise
 x - a scroll of immolation
 y - 2 scrolls of enchant weapon
 A - a scroll of blinking
 O - 2 scrolls of poison
Potions
 a - a potion of curing
 b - 4 potions of mutation
 d - 2 potions of cancellation
 i - a potion of invisibility
 j - a potion of resistance {unknown}
 l - 4 potions of berserk rage
 n - 2 potions of brilliance {unknown}
 s - 5 potions of heal wounds
 t - 3 potions of attraction {unknown}
 z - 3 potions of lignification {unknown}
 D - 3 potions of flight {unknown}
 G - a potion of haste
 J - 2 potions of magic {unknown}
Miscellaneous
 r - a box of beasts
 E - a tin of tremorstones (2/2)


   Skills:
 + Level 11.5 Fighting
 - Level 0.2(0.3) Short Blades
 - Level 0.2(0.3) Long Blades
 - Level 0.2(0.4) Axes
 - Level 0.2(0.4) Maces & Flails
 - Level 0.5(0.6) Polearms
 - Level 0.1(0.4) Staves
 - Level 0.1 Ranged Weapons
 - Level 0.2 Throwing
 - Level 2.4 Dodging
 - Level 0.2 Shields
 - Level 18.0 Unarmed Combat
 - Level 0.2 Invocations
 - Level 0.1 Evocations


You had 12 spell levels left.
You didn't know any spells.
Your spell library was empty.

Dungeon Overview and Level Annotations

Branches:
Dungeon (14/15)            Temple (1/1) D:4            Lair (0/5) D:10
    Orc (0/2) D:9         Gauntlet (visited)
 Vaults: D:13-14

Altars:
Ashenzari
Cheibriados
Dithmenos
Elyvilon
Fedhas
Gozag
Hepliaklqana
Kikubaaqudgha
Makhleb
Nemelex Xobeh
Okawaru
Qazlal
Ru
Sif Muna
Trog
Uskayaw
Vehumet
Wu Jian
Xom
Yredelemnul
Zin
The Shining One

Shops:
D:6 =   D:12 (

Annotations:
D:14 4 runed doors


Innate Abilities, Weirdness & Mutations

You are too large for most types of armour.
You have claws for hands.
Your natural rate of healing is unusually fast.
You are covered in fur. (AC +1)
You have tough skin. (AC +1)
You are somewhat resistant to further mutation.


Message History

You claw the white ugly thing!
The white ugly thing is moderately wounded.
The white ugly thing closely misses you.
You closely miss the white ugly thing.
The white ugly thing is moderately wounded.
You mangle the white ugly thing!!
The white ugly thing is severely wounded.
The white ugly thing engulfs you but does no damage.
A cyclops comes into view.
The brown ugly thing basks in the mutagenic energy from its kin and changes!
You eviscerate the white ugly thing!!!
You kill the white ugly thing!
Trog accepts your kill.
The white ugly thing tentacle-slaps you but does no damage.
You see here an ugly thing corpse.
You eviscerate the white ugly thing!!!
The white ugly thing is severely wounded.
The white ugly thing closely misses you.
The white ugly thing headbutts you. The white ugly thing freezes you!!
You mangle the white ugly thing!!
You kill the white ugly thing!
Trog accepts your kill.
You hear a shout!
A troll comes into view.
The white ugly thing headbutts you but does no damage.
You eviscerate the white ugly thing!!! Your claw misses the white ugly thing.
The white ugly thing is almost dead.
You feel the effects of Trog's Hand fading.
The white ugly thing headbutts you but does no damage.
You scratch the white ugly thing but do no damage.
The white ugly thing is almost dead.
The white ugly thing headbutts you! The white ugly thing freezes you!!
The cyclops throws a large rock.
The large rock hits you!!
* * * LOW HITPOINT WARNING * * *
You are too injured to fight recklessly!
You are too injured to fight recklessly!
The white ugly thing headbutts you!
* * * LOW HITPOINT WARNING * * *
The white ugly thing freezes you!!
You die...

#.##...
##...#..#..+
.......#..+
#.........++
#..........h
###.........
###u........#
#.†.@CT.....#...
###..#..........
###...........
###..........
#....##......
##....#......
#<....#.....
#.....#.....
#..........#


You could see a white ugly thing, a cyclops and a troll.

Vanquished Creatures
  Rupert (D:13)
  A minotaur (Gauntlet)
  Erolcha (D:11)
  A hydra (D:11)
  A boulder beetle (D:12)
  3 death yaks (D:10)
  2 two-headed ogres
  A wizard (Gauntlet)
  2 deep elf pyromancers (D:9)
  A cyclops (D:9)
  8 ugly things
  A manticore (D:12)
  A moth of wrath (Gauntlet)
  Joseph (D:9)
  4 unseen horrors
  3 kobold demonologists
  3 trolls (D:11)
  12 slime creatures
  A hornet (D:8)
  A vampire (D:11)
  3 wraiths
  A human (D:9)
  A shadow (D:13)
  A wyvern (shapeshifter) (D:13)
  A wyvern (D:4)
  19 yaks
  8 vampire mosquitoes
  4 redbacks (Gauntlet)
  A warg (D:9)
  3 acid dragons
  A water moccasin (D:8)
  A swamp drake (D:9)
  An ice beast (D:7)
  2 sky beasts (D:6)
  4 orc warriors
  2 ogres (D:5)
  2 black bears
  3 centaurs
  4 phantoms
  7 kobold brigands
  Blork the orc (D:4)
  A bullfrog (D:7)
  2 necrophages
  3 scorpions
  12 wights
  3 killer bees (D:9)
  4 howler monkeys
  A crimson imp (D:9)
  8 orc priests
  6 hounds
  2 gnoll boudas
  5 jellies
  An iron imp (D:9)
  19 orc wizards
  5 iguanas
  5 adders
  15 gnolls
  A shadow imp (Gauntlet)
  6 white imps
  2 ufetubi
  2 dart slugs
  50 orcs
  6 endoplasms
  4 giant cockroaches
  28 goblins
  31 hobgoblins
  17 jackals
  2 quokkas
  4 ball pythons
  A frilled lizard (D:1)
  28 kobolds
  7 rats
400 creatures vanquished.

Vanquished Creatures (others)
  An orc wizard (D:9)
  A shadow imp (D:9)
  3 withered plants (Gauntlet)
5 creatures vanquished.

Grand Total: 405 creatures vanquished

Notes
Turn   | Place    | Note
-------+----------+-------------------------------------------
     0 | D:1      | ytrimaz the Troll Berserker began the quest for the Orb.
     0 | D:1      | Reached XP level 1. HP: 22/22 MP: 0/0
   106 | D:1      | Reached XP level 2. HP: 27/29 MP: 1/1
   315 | D:1      | Reached skill level 4 in Unarmed Combat
   403 | D:1      | Reached ** piety under Trog
   760 | D:2      | Reached XP level 3. HP: 28/36 MP: 2/2
   815 | D:2      | Found a faded altar of an unknown god.
  1591 | D:3      | Reached XP level 4. HP: 36/44 MP: 3/3
  1604 | D:3      | Reached skill level 5 in Unarmed Combat
  1663 | D:3      | Reached *** piety under Trog
  1690 | D:3      | Reached XP level 5. HP: 31/50 MP: 4/4
  1793 | D:3      | Reached skill level 6 in Unarmed Combat
  2051 | D:3      | Reached **** piety under Trog
  2553 | D:4      | Noticed Blork the orc
  2560 | D:4      | Killed Blork the orc
  2561 | D:4      | Reached skill level 7 in Unarmed Combat
  2561 | D:4      | Reached XP level 6. HP: 47/59 MP: 5/5
  2738 | D:4      | Found a staircase to the Ecumenical Temple.
  2749 | D:4      | Reached skill level 8 in Unarmed Combat
  2749 | D:4      | Reached XP level 7. HP: 66/66 MP: 6/6
  2754 | Temple   | Entered the Ecumenical Temple
  2979 | D:4      | Noticed a wyvern
  2987 | D:4      | Killed a wyvern
  3020 | D:4      | Reached skill level 9 in Unarmed Combat
  3032 | D:4      | Identified the +1 scale mail "Heibb" {Rampage Slay+3 SInv
                  | Stlth+}
  3526 | D:5      | Entered Level 5 of the Dungeon
  3680 | D:5      | Found a shimmering altar of Xom.
  3684 | D:5      | Found a snail-covered altar of Cheibriados.
  3684 | D:5      | Found a hazy altar of Hepliaklqana.
  3701 | D:5      | Reached XP level 8. HP: 67/74 MP: 7/7
  3709 | D:5      | Found a blossoming altar of Fedhas.
  3743 | D:5      | Reached skill level 10 in Unarmed Combat
  4016 | D:5      | Reached ***** piety under Trog
  4100 | D:5      | Reached skill level 11 in Unarmed Combat
  4341 | D:6      | Found Nacsuwec's Jewellery Emporium.
  4356 | D:6      | Bought an amulet of regeneration for 390 gold pieces
  4418 | D:6      | Reached skill level 12 in Unarmed Combat
  4440 | D:6      | Reached XP level 9. HP: 73/80 MP: 8/8
  5178 | D:7      | Received a gift from Trog
  5200 | D:7      | Reached skill level 13 in Unarmed Combat
  5532 | D:7      | Found a shadowy altar of Dithmenos.
  6025 | D:8      | Reached skill level 14 in Unarmed Combat
  6190 | D:8      | Noticed a two-headed ogre
  6208 | D:8      | Killed a two-headed ogre
  6209 | D:8      | Reached XP level 10. HP: 88/88 MP: 9/9
  6221 | D:8      | Reached skill level 15 in Unarmed Combat
  6542 | D:8      | Paralysed by a gnoll for 3 turns
  7128 | D:9      | Found a staircase to the Orcish Mines.
  7153 | D:9      | Reached skill level 16 in Unarmed Combat
  7240 | D:9      | Noticed Joseph
  7269 | D:9      | Killed Joseph
  7390 | D:9      | Noticed a deep elf pyromancer
  7396 | D:9      | Noticed a deep elf pyromancer
  7408 | D:9      | Killed a deep elf pyromancer
  7429 | D:9      | Killed a deep elf pyromancer
  7438 | D:9      | Reached XP level 11. HP: 75/94 MP: 10/10
  7624 | D:9      | Found a white marble altar of Elyvilon.
  7698 | D:9      | Reached skill level 17 in Unarmed Combat
  7822 | D:10     | Entered Level 10 of the Dungeon
  8062 | D:10     | Found a staircase to the Lair.
  8062 | D:10     | Noticed a death yak
  8062 | D:10     | Noticed a death yak
  8073 | D:10     | Noticed a death yak
  8077 | D:10     | Killed a death yak
  8083 | D:10     | Killed a death yak
  8100 | D:10     | Killed a death yak
  8111 | D:10     | Reached skill level 18 in Unarmed Combat
  8137 | D:10     | Gained mutation: You occasionally lose the ability to drink
                  | potions when taking damage. [a neqoxec]
  8141 | D:10     | Lost mutation: You occasionally lose the ability to drink
                  | potions when taking damage. [potion of mutation]
  8141 | D:10     | Gained mutation: You are somewhat resistant to further
                  | mutation. [potion of mutation]
  8239 | D:10     | Found a glowing golden altar of the Shining One.
  8434 | D:10     | Found a radiant altar of Vehumet.
  8665 | D:11     | Noticed Erolcha
  8672 | D:11     | Killed Erolcha
  8672 | D:11     | Noticed an eight-headed hydra
  8703 | D:11     | Found a gate leading to a gauntlet.
  8713 | Gauntlet | Entered a Gauntlet
  8713 | Gauntlet | Noticed a wizard
  8713 | Gauntlet | Found a transporter.
  8749 | Gauntlet | Found a transporter.
  8765 | Gauntlet | Found a transporter.
  8768 | Gauntlet | Found a transporter.
  8770 | Gauntlet | Noticed an eight-headed hydra
  8778 | Gauntlet | Found a transporter.
  8793 | Gauntlet | Found a transporter.
  8804 | Gauntlet | Found a transporter.
  8807 | Gauntlet | Noticed an obsidian statue
  8816 | Gauntlet | Found a transporter.
  8817 | Gauntlet | Found a runed translucent door.
  8817 | Gauntlet | Found a runed translucent door.
  8824 | Gauntlet | Noticed a reaper
  8830 | Gauntlet | Found a transporter.
  8840 | Gauntlet | Found a transporter.
  8843 | Gauntlet | Found a transporter.
  8894 | Gauntlet | Found a transporter.
  8894 | Gauntlet | Found a transporter.
  8960 | Gauntlet | Found a transporter.
  8976 | Gauntlet | Killed a wizard
  9011 | Gauntlet | Reached skill level 5 in Fighting
  9066 | Gauntlet | Identified the +1 cloak of Ibladgh {Harm Str+2 Int+3}
  9240 | Gauntlet | Noticed a minotaur
  9252 | Gauntlet | Killed a minotaur
  9262 | Gauntlet | Identified the ring of Circularity {Ice rPois Str+8}
  9275 | D:11     | Identified the +7 quarterstaff "Zoucvuts" {flame, rN+
                  | Stlth+} (Trog gifted it to you on level 11 of the Dungeon)
  9275 | D:11     | Received a gift from Trog
  9276 | D:11     | Reached XP level 12. HP: 38/115 MP: 11/11
  9280 | D:11     | Noticed a two-headed ogre
  9284 | D:11     | Killed an eight-headed hydra
  9289 | D:11     | Killed a two-headed ogre
 10365 | D:12     | Found Lerinood's Weapon Shoppe.
 10448 | D:12     | Noticed a boulder beetle
 10467 | D:12     | Killed a boulder beetle
 11018 | D:13     | Reached skill level 10 in Fighting
 11825 | D:13     | Noticed Rupert
 11830 | D:13     | Killed Rupert
 11831 | D:13     | Reached XP level 13. HP: 104/137 MP: 12/12
 11985 | D:14     | Found a huge runed gate.
 11985 | D:14     | Found a huge runed gate.
 11986 | D:14     | Found a huge runed gate.
 11986 | D:14     | Found a huge runed gate.
 12020 | D:14     | HP: 5/137 [white ugly thing (14)]
 12020 | D:14     | Annihilated by a white ugly thing

Illustrated notes

Levels and vault maps discovered:
D:1:      psy_arrival_basics, layout_basic, minmay_misc_feat_rows
D:2:      layout_basic, ebering_ecumenical_altar_box, serial_rivers,
          chequers_serial_rivers_small_a, chequers_serial_rivers_micro_b,
          chequers_serial_rivers_large_a, chequers_serial_rivers_small_b,
          serial_bayou_ford_a
D:3:      minmay_goblin_kobold_castle, layout_basic, minmay_misc_feat_columns
D:4:      layout_gridville, minmay_temple_entry_offerings,
          kennysheep_small_square, uniq_blork_the_orc
D:5:      layout_loops_ring, grunt_temple_overflow_open
D:6:      layout_basic, serial_shops, shop
D:7:      layout_cave_pools, nicolae_dithmenos_shadow_blocks, minivault_5,
          kennysheep_nondescript
D:8:      layout_loops_corners
D:9:      layout_cave_pods, kennysheep_little_box, erik_orc_4,
          minmay_misc_feat_ornament, hangedman_minor_magic, uniq_joseph
D:10:     layout_basic, vehumet_crystals, amcnicky_altar_gilded,
          dpeg_lair_monsters, chequers_serial_rivers_micro_a
D:11:     layout_irregular_city, gauntlet_entry_generic, uniq_erolcha
D:12:     layout_stronghold, serial_shops, kennysheep_mini
D:13:     layout_loops_corners, chequers_serial_rivers_micro_e,
          grunt_decor_clamped, uniq_rupert
D:14:     layout_cave_pools, grunt_vaults_entry_tiered, lemuel_doored_altar,
          door_vault
Temple:   nicolae_temple_great_sept

Skill      XL: |  1  2  3  4  5  6  7  8  9 10 11 12 |
---------------+-------------------------------------+-----
Unarmed Combat | 4 5 7 8 9 12 14 16 18 | 18.0
Fighting       | 6 11 | 11.5
Short Blades   | |  0.2
Long Blades    | |  0.2
Axes           | |  0.2
Maces & Flails | |  0.2
Polearms       | |  0.5
Staves         | |  0.1
Ranged Weapons | |  0.1
Throwing       | |  0.2
Dodging        | |  2.4
Shields        | |  0.2
Invocations    | |  0.2
Evocations     | |  0.1

Action                   |  1- 3 |  4- 6 |  7- 9 | 10-12 | 13-15 || total
-------------------------+-------+-------+-------+-------+-------++-------
Melee: Unarmed           |   100 |   193 |   275 |   406 |    22 ||   996
       Punch             |     1 |     4 |    11 |    37 |       ||    53
Invok: Trog's Hand       |       |       |     3 |    11 |     1 ||    15
       Berserk           |       |       |     3 |     1 |       ||     4
Evoke: Wand              |       |       |       |     4 |       ||     4
       Tin of tremorston |       |       |       |     1 |       ||     1
  Use: Scroll            |       |       |    15 |     4 |     4 ||    23
       Potion            |       |       |       |     2 |       ||     2
 Stab: Sleeping          |       |       |     1 |       |       ||     1
Armor: Animal skin       |    35 |    97 |   114 |     4 |       ||   250
       Acid dragon scale |       |       |       |   271 |     7 ||   278
Dodge: Dodged            |    55 |   112 |   120 |   173 |     4 ||   464

Table legend: (Time is in decaauts)
 A = Elapsed time spent in this place.
 B = Non-inter-level travel time spent in this place.
 C = Inter-level travel time spent in this place.
 D = Time resting spent in this place.
 E = Time spent auto-exploring this place.
 F = Levels seen in this place.
 G = Mean time per level.
                   A        B        C        D        E       F      G
               +--------+--------+--------+--------+--------+-----+--------+
         Total |  11865 |  11533 |    332 |    359 |   8620 |  16 |  741.6 |
       Dungeon |  11228 |  10906 |    322 |    205 |   8343 |  14 |  802.0 |
        Temple |     85 |     75 |     10 |      0 |     63 |   1 |   85.0 |
      Gauntlet |    551 |    551 |      0 |    154 |    214 |   1 |  551.0 |
               +--------+--------+--------+--------+--------+-----+--------+

Top non-repeatable levels by time:
     D:3: 1111 daAuts
     D:9: 1047 daAuts
    D:13: 1002 daAuts
    D:12: 1002 daAuts
     D:8: 945 daAuts
     D:4: 880 daAuts
     D:6: 864 daAuts
    D:10: 825 daAuts
     D:1: 742 daAuts
    D:11: 712 daAuts
     D:2: 702 daAuts
     D:5: 685 daAuts
     D:7: 670 daAuts
Gauntlet: 551 daAuts
  Temple: 85 daAuts
